 Dungeon Crawl Stone Soup version 0.19.5 (webtiles) character file.

1608 Gargoyl the Chopper (level 8, -4/68 HPs)
             Began as a Ghoul Abyssal Knight on Mar 8, 2017.
             Was a Priest of Lugonu.
             Slain by a warg (7 damage)
             ... on level 7 of the Dungeon.
             The game lasted 00:11:44 (4393 turns).

Gargoyl the Chopper (Ghoul Abyssal Knight)          Turns: 4393, Time: 00:11:45

Health: -4/68      AC: 16    Str: 26    XL:     8   Next: 95%
Magic:  10/10      EV:  5    Int:  7    God:    Lugonu [***...]
Gold:   182        SH:  9    Dex: 10    Spells: 0 memorised, 7 levels left

rFire  . . .     SeeInvis +     q - +0 war axe (chop)
rCold  + + .     Gourm    .     d - +1 plate armour
rNeg   + + +     Faith    .     b - +0 shield
rPois  ∞         Spirit   .     z - +0 hat {SInv}
rElec  .         Reflect  .     (no cloak)
rCorr  .         Harm     .     (no gloves)
MR     .....                    n - +2 pair of boots
Stlth  ..........               (no amulet)
                                s - +5 ring of strength
                                j - ring of protection from cold

@: mighty, rotting
A: rotting body, claws 1, carnivore 3, cold resistance 1, negative energy
resistance 3, slow regeneration 1, torment resistance, unbreathing
a: Depart the Abyss, Bend Space, Banish, Renounce Religion


You were on level 7 of the Dungeon.
You worshipped Lugonu.
Lugonu was most pleased with you.
You were not hungry.

You visited 1 branch of the dungeon, and saw 7 of its levels.
You visited the Abyss 1 time.

You collected 272 gold pieces.
You spent 90 gold pieces at shops.

Inventory:

Hand Weapons
 a - a +1 hand axe
 q - a +0 war axe of chopping (weapon)
Armour
 b - a +0 shield (worn)
 d - a +1 plate armour (worn)
 n - a +2 pair of boots (worn)
 z - a +0 hat of see invisible (worn)
Jewellery
 j - a ring of protection from cold (left claw)
 s - a +5 ring of strength (right claw)
Wands
 p - a wand of lightning (9/15)
 r - a wand of acid (4/15)
Scrolls
 t - a scroll of magic mapping
 x - 3 scrolls of remove curse
 y - 3 scrolls of identify
Potions
 e - 2 potions of haste
 g - 2 potions of brilliance {unknown}
 h - 2 potions of might
 i - a potion of lignification
 l - 2 potions of agility {unknown}
 m - a potion of magic {unknown}
 o - 3 potions of heal wounds {unknown}
 v - 4 potions of curing {unknown}
Books
 k - a book of Cantrips

   Spells                             Type                      Level
   a - Confusing Touch                Hexes                        1
   b - Animate Skeleton               Necromancy                   1
   c - Summon Small Mammal            Summoning                    1
   d - Apportation                    Translocation                1
 w - a book of Minor Magic

   Spells                             Type                      Level
   a - Magic Dart                     Conjuration                  1
   b - Blink                          Translocation                2
   c - Call Imp                       Summoning                    2
   d - Repel Missiles                 Charms/Air                   2
   e - Slow                           Hexes                        2
   f - Conjure Flame                  Conjuration/Fire             3
   g - Mephitic Cloud                 Conjuration/Poison/Air       3
Comestibles
 c - 4 meat rations
 u - 2 slices of pizza


   Skills:
 + Level 5.1 Fighting
 + Level 5.8 Axes
 * Level 5.2 Armour
 + Level 1.9 Dodging
 + Level 3.0 Shields
 * Level 5.2 Invocations
 + Level 0.3 Evocations


You had 7 spell levels left.
You didn't know any spells.

Dungeon Overview and Level Annotations

Branches:
Dungeon (7/15)
 Temple: D:4-7

Altars:
Elyvilon
Fedhas
Gozag
Kikubaaqudgha
Makhleb
Nemelex Xobeh
Sif Muna
Uskayaw
Vehumet
Zin
The Shining One

Shops:
D:5 ?!


Innate Abilities, Weirdness & Mutations

Your body is rotting away.
You thrive on raw meat.
You are immune to poison.
You have sharp fingernails.
You are carnivorous and can eat meat at any time.
Your flesh is cold resistant. (rC+)
You are immune to negative energy. (rN+++)
You regenerate slowly when monsters are visible.
You are immune to unholy pain and torment.
You can survive without breathing.


Message History

You kill the warg!
Lugonu accepts your kill.
Your Shields skill increases to level 3!
You closely miss the leopard gecko.
The leopard gecko bites you but does no damage.
You block the warg's attack.
The warg pauses to sniff the ground.
You block the leopard gecko's attack.
Found a stone staircase leading down.
The warg bites you.
* * * LOW HITPOINT WARNING * * *
You slash the warg!
The warg is severely wounded.
The warg bites you.
* * * LOW HITPOINT WARNING * * *
It was a potion of lignification.
You feel woody for a moment. The warg bites you.
* * * LOW HITPOINT WARNING * * *
The warg bites you!
You die...

#. ⌠. .. . .# #.
.# #.#### .#####
.###.....
.....## .
.)....#.##.#
...##.
.?.....lh@.#
...).
.....#h##.# ...#
>## #†##.##..#
#o.......#
#......#.##
#.##......#####
#.##..<).......
...........####.
.#..##..#.##


You could see 2 wargs and a leopard gecko.

Vanquished Creatures
  Edmund (D:4)
  A warg (D:7)
  A sky beast (D:5)
  An ice beast (D:6)
  3 ogres
  A centaur (D:5)
  2 bullfrogs (D:5)
  3 howler monkeys
  A crimson imp (D:5)
  A jelly (D:5)
  A hound (D:2)
  A bullfrog skeleton (D:6)
  Ijyb (D:3)
  Natasha (D:3)
  4 worker ants
  4 orc wizards
  A hound zombie (D:5)
  A worker ant zombie (D:6)
  A howler monkey skeleton (D:4)
  7 adders
  4 gnolls (D:6)
  A dart slug (D:3)
  2 worms
  2 leopard geckos
  14 orcs
  10 giant cockroaches
  4 goblins
  3 hobgoblins
  12 jackals
  2 quokkas
  3 ball pythons
  7 bats
  7 frilled lizards
  10 kobolds
  6 rats
124 creatures vanquished.

Notes
Turn   | Place    | Note
-------+----------+-------------------------------------------
     0 | Abyss:1  | Gargoyl the Ghoul Abyssal Knight began the quest for the Orb.
     0 | Abyss:1  | Reached XP level 1. HP: 19/19 MP: 1/1
    26 | Abyss:2  | Noticed a ynoxinul
    39 | D:1      | Escaped the Abyss
   122 | D:1      | Reached * piety under Lugonu
   327 | D:1      | Reached XP level 2. HP: 18/26 MP: 2/2
   966 | D:2      | Reached XP level 3. HP: 27/33 MP: 3/3
  1012 | D:2      | Reached skill level 1 in Dodging
  1050 | D:2      | Found a burning altar of Makhleb.
  1095 | D:2      | Reached XP level 4. HP: 40/40 MP: 4/4
  1261 | D:2      | Reached ** piety under Lugonu
  1586 | D:3      | Noticed Ijyb
  1619 | D:3      | Killed Ijyb
  1691 | D:3      | Reached XP level 5. HP: 45/45 MP: 6/6
  2111 | D:3      | Noticed Natasha
  2118 | D:3      | Killed Natasha
  2376 | D:3      | Found a hide-covered altar of Uskayaw.
  2376 | D:3      | Found a sparkling altar of Nemelex Xobeh.
  2543 | D:4      | Reached skill level 1 in Shields
  2548 | D:4      | Noticed Edmund
  2571 | D:4      | Killed Edmund
  2571 | D:4      | Reached XP level 6. HP: 20/52 MP: 7/7
  2692 | D:4      | Found a glowing silver altar of Zin.
  2704 | D:4      | Found a white marble altar of Elyvilon.
  2704 | D:4      | Found a glowing golden altar of the Shining One.
  2704 | D:4      | Found an opulent altar of Gozag.
  2705 | D:4      | Found a deep blue altar of Sif Muna.
  2767 | D:4      | Found a faded altar of an unknown god.
  2767 | D:4      | Found a faded altar of an unknown god.
  2772 | D:4      | Found a faded altar of an unknown god.
  2774 | D:4      | Found a faded altar of an unknown god.
  2775 | D:4      | Found a blossoming altar of Fedhas.
  2861 | D:4      | Found a radiant altar of Vehumet.
  2910 | D:4      | Reached XP level 7. HP: 30/60 MP: 8/8
  3092 | D:4      | Found a sparkling altar of Nemelex Xobeh.
  3187 | D:5      | Entered Level 5 of the Dungeon
  3193 | D:5      | Reached *** piety under Lugonu
  3301 | D:5      | Found Xomnirohi's Magic Scroll Shop.
  3307 | D:5      | Bought a scroll of enchant armour for 90 gold pieces
  3600 | D:5      | Found Bitij's Distillery.
  3798 | D:5      | Reached XP level 8. HP: 67/67 MP: 10/10
  3833 | D:5      | Reached skill level 5 in Axes
  3880 | D:6      | Found an opulent altar of Gozag.
  4151 | D:6      | Found an ancient bone altar of Kikubaaqudgha.
  4221 | D:6      | Reached skill level 5 in Armour
  4230 | D:6      | Reached skill level 5 in Fighting
  4230 | D:6      | Reached skill level 5 in Invocations
  4393 | D:7      | HP: 3/68 [warg (1)]
  4393 | D:7      | Slain by a warg

Skill      XL: |  1  2  3  4  5  6  7  8 |
---------------+-------------------------+-----
Axes           | 2 3 4 5 |  5.8
Armour         | 2 3 4 5 |  5.2
Dodging        | 1 |  1.9
Fighting       | 4 5 |  5.1
Invocations    | 3 4 5 |  5.2
Shields        | 1 2 3 |  3.0
Evocations     | |  0.3

Action                   |  1- 3 |  4- 6 |  7- 9 || total
-------------------------+-------+-------+-------++-------
Melee: Hand axe          |    96 |    15 |       ||   111
       War axe           |       |   265 |   165 ||   430
Invok: Depart the Abyss  |     1 |       |       ||     1
       Bend Space        |       |       |     1 ||     1
Evoke: Wand              |       |       |     4 ||     4
  Use: Scroll            |     4 |     3 |     6 ||    13
       Potion            |       |       |     2 ||     2
  Eat: Chunk             |    12 |    23 |    18 ||    53
Armor: Plate armour      |   135 |   257 |   166 ||   558
       Leather armour    |     1 |       |       ||     1
Dodge: Dodged            |    13 |    31 |    34 ||    78
Block: Shield            |    34 |    78 |    88 ||   200
